 Dungeon Crawl Stone Soup version 0.21-a0-582-g1b93aee (webtiles) character file.

4575 4thArraOfDagon the Cleaver (level 10, -16/88 HPs)
             Began as a Deep Dwarf Enchanter on Dec 19, 2017.
             Was a Believer of Makhleb.
             Demolished by a large slime creature (25 damage)
             ... on level 13 of the Dungeon.
             The game lasted 00:27:31 (5315 turns).

4thArraOfDagon the Cleaver (Deep Dwarf Enchanter)   Turns: 5315, Time: 00:27:32

Health: -16/88     AC:  9    Str: 12    XL:     10   Next: 18%
Magic:  14/14      EV:  6    Int: 17    God:    Makhleb [**....]
Gold:   397        SH:  0    Dex: 13    Spells: 7/12 levels left

rFire    . . .     SeeInvis .   g - +0 war axe
rCold    . . .     Gourm    .   (no shield)
rNeg     . . .     Faith    .   e - +0 chain mail
rPois    .         Spirit   .   (no helmet)
rElec    .         Reflect  .   (no cloak)
rCorr    .         Harm     .   (no gloves)
MR       ++...                  s - +0 pair of boots
Stlth    ..........             (no amulet)
HPRegen  0.00/turn              t - ring of protection from magic
MPRegen  0.14/turn              n - ring of magical power

@: non-regenerating
A: damage resistance, heal wounds, dopey 1, low mp 1, mutation resistance 1,
sense surroundings 2, no regeneration
a: Heal Wounds, Minor Destruction, Renounce Religion


You were on level 13 of the Dungeon.
You worshipped Makhleb.
Makhleb was pleased with you.
You were not hungry.

You visited 2 branches of the dungeon, and saw 14 of its levels.

You collected 468 gold pieces.
You spent 71 gold pieces at shops.

Inventory:

Hand Weapons
 a - a +1 dagger
 g - a +0 war axe (weapon)
 h - a +0 hand axe
Armour
 b - a +0 robe
 e - a +0 chain mail (worn)
 s - a +0 pair of boots (worn)
 v - a +0 plate armour
 A - a +0 leather armour
Jewellery
 k - an uncursed ring of protection from magic
 n - a ring of magical power (right hand)
 t - a ring of protection from magic (left hand)
Scrolls
 m - 4 scrolls of teleportation
 o - 3 scrolls of enchant weapon {unknown}
 p - 2 scrolls of enchant armour
 q - 3 scrolls of remove curse
 w - 2 scrolls of fog
 x - a scroll of immolation
 y - a scroll of magic mapping
 B - a scroll of amnesia {unknown}
Potions
 f - 5 potions of curing
 j - 2 potions of agility {unknown}
 l - a potion of brilliance
 r - a potion of haste
 u - 2 potions of cancellation
 z - a potion of flight
Books
 c - a book of Maledictions

   Spells                             Type                      Level
   a - Corona                         Hexes                        1
   b - Ensorcelled Hibernation        Hexes/Ice                    2
   c - Confuse                        Hexes                        3
   d - Tukima's Dance                 Hexes                        3
   e - Dazzling Spray                 Conjuration/Hexes            3
 i - a book of Air

   Spells                             Type                      Level
   a - Shock                          Conjuration/Air              1
   b - Swiftness                      Charms/Air                   2
   c - Static Discharge               Conjuration/Air              3
   d - Airstrike                      Air                          4
   e - Lightning Bolt                 Conjuration/Air              5
Miscellaneous
 C - a fan of gales (inert)
Comestibles
 d - 6 rations


   Skills:
 - Level 5.0 Fighting
 - Level 0.8 Short Blades
 * Level 12.3 Axes
 - Level 2.2 Armour
 - Level 2.1 Dodging
 - Level 3.6 Stealth
 - Level 1.7 Spellcasting
 - Level 2.4 Hexes
 - Level 8.1 Invocations
 - Level 4.0 Evocations


You had 7 spell levels left.
You knew the following spells:

 Your Spells              Type           Power        Failure   Level  Hunger
a - Corona                Hex            #......      96%         1    #......
b - Ensorcelled Hibernat  Hex/Ice        #.....       100%        2    ###....
c - Swiftness             Chrm/Air       #.......     100%        2    ###....


Dungeon Overview and Level Annotations

Branches:
Dungeon (13/15)            Temple (1/1) D:5             Orc (0/2) D:10
   Lair: D:8-11      Vaults: D:13-14

Altars:
Ashenzari
Cheibriados
Dithmenos
Elyvilon
Gozag
Hepliaklqana
Kikubaaqudgha
Makhleb
Nemelex Xobeh
Okawaru
Qazlal
Ru
Sif Muna
Trog
Uskayaw
Vehumet
Wu Jian
Xom
Yredelemnul
Zin
The Shining One
Jiyva

Shops:
D:9 ??

Annotations:
D:4 Curus's ghost, novice HOAK
D:5 kae's ghost, novice DrTm
D:13 Kirke


Innate Abilities, Weirdness & Mutations

You are resistant to damage.
You can heal yourself by infusing magical energy.
You passively map the area around you.
You do not regenerate.
You are dopey. (Int -2)
Your magical capacity is low. (-10% MP)
You are somewhat resistant to further mutation.


Message History

Unknown command.
Unknown command.
Unknown command.
Two slime creatures merge to form a large slime creature.
The large slime creature hits you!!
* * * LOW HITPOINT WARNING * * *
Two slime creatures merge to form a large slime creature.
You see here an onyx ring.
Unknown command.
Unknown command.
Unknown command.
Unknown command.
There is a transporter here.
Unknown command.
You enter the transporter and appear at another place.
A bullfrog skeleton comes into view.
The slime creature hits you!
* * * LOW HITPOINT WARNING * * *
The large slime creature hits you!!
You die... ,, ,....... , , , , * ,, ,* >, ............, , * , *, .,........... , , ** , ........Z..., , , ...........###. * * ,,,. * ##............. .. ##########....##.......#* ** hh.

........((......J....... , ....
#######(.....##J@.....#.####...h.
..D.)(......#########.....<......
....###....## #######.####......
....# ..#.#### ###©## * ......
....#..##.###..#.#=.## , .###..
....#.#*#.##$...JJ...#* , ##** .
......* #.####.GG$J### , ,
.....## *## #..)_$..# * , +
#..... * *##.($).## * , , +∩+


You could see a great orb of eyes, 3 large slime creatures, a slime creature, an
eye of devastation and a bullfrog skeleton.

Vanquished Creatures
  A centaur warrior (D:13)
  A centaur skeleton (D:11)
  2 hornets
  A hippogriff (D:6)
  2 hungry ghosts
  A wyvern (D:11)
  4 vampire mosquitoes
  2 black bears
  An ogre (D:12)
  2 ice beasts
  A necrophage (D:5)
  2 bullfrogs
  3 scorpions
  2 wights
  4 jellies
  A crimson imp (D:8)
  A bullfrog zombie (D:5)
  A lava snake (D:9)
  A centaur zombie (D:8)
  4 orc wizards
  5 orc priests
  2 hounds
  2 bullfrog skeletons
  Terence (D:2)
  4 iguanas
  7 worker ants
  A worker ant zombie (D:6)
  A howler monkey skeleton (D:9)
  8 gnolls
  8 adders
  2 shadow imps
  An ooze (D:6)
  An adder skeleton (D:6)
  5 dart slugs
  2 leopard geckos
  27 orcs
  2 giant cockroaches
  9 goblins
  9 hobgoblins
  11 jackals
  A quokka (D:2)
  2 ball pythons
  6 bats
  6 frilled lizards
  A giant cockroach zombie (D:6)
  8 kobolds
  2 quokka zombies
  5 rats
176 creatures vanquished.

Notes
Turn   | Place    | Note
-------+----------+-------------------------------------------
     0 | D:1      | 4thArraOfDagon the Deep Dwarf Enchanter began the quest for the Orb.
     0 | D:1      | Reached XP level 1. HP: 15/15 MP: 3/3
    54 | D:2      | Reached skill level 1 in Fighting
    86 | D:2      | jacquesderrida: dorf
    90 | D:2      | Reached XP level 2. HP: 18/25 MP: 0/4
   112 | D:2      | Learned a level 2 spell: Ensorcelled Hibernation
   232 | D:3      | Found an iron altar of Okawaru.
   285 | D:3      | Reached skill level 1 in Axes
   397 | D:4      | Noticed Curus's ghost (novice HOAK)
   536 | D:5      | Entered Level 5 of the Dungeon
   565 | D:5      | Reached skill level 2 in Axes
   565 | D:5      | Reached XP level 3. HP: 27/32 MP: 5/5
   573 | D:5      | Noticed kae's ghost (novice DrTm)
   579 | D:5      | Reached skill level 3 in Axes
   579 | D:5      | Reached XP level 4. HP: 26/40 MP: 6/6
   649 | D:5      | Found a staircase to the Ecumenical Temple.
   655 | Temple   | Entered the Ecumenical Temple
   774 | D:6      | Reached XP level 5. HP: 28/46 MP: 7/7
   821 | D:7      | Reached skill level 4 in Axes
   916 | D:8      | Noticed a porcupine
   961 | D:8      | Noticed a black bear
   985 | D:7      | HP: 1/49 [porcupine (6)]
  1017 | D:7      | Noticed a sky beast
  1025 | D:8      | Noticed a black bear
  1161 | D:6      | Reached XP level 6. HP: 25/56 MP: 6/6
  1299 | D:4      | Reached skill level 5 in Axes
  1612 | D:6      | Reached skill level 1 in Evocations
  1827 | D:6      | Found a deep blue altar of Sif Muna.
  1850 | D:6      | Reached skill level 6 in Axes
  1850 | D:6      | Reached XP level 7. HP: 12/63 MP: 6/6
  2090 | D:7      | Reached skill level 1 in Armour
  2192 | D:7      | Noticed a hippogriff
  2209 | D:6      | Killed a hippogriff
  2209 | D:6      | Reached skill level 7 in Axes
  2251 | D:6      | Found a sacrificial altar of Ru.
  2335 | D:4      | Gained mutation: You are dopey. (Int -2) [potion of mutation]
  2335 | D:4      | Gained mutation: Your magical capacity is low. (-10% MP) [potion of mutation]
  2335 | D:4      | Gained mutation: You are somewhat resistant to further mutation. [potion of mutation]
  2437 | D:3      | Reached XP level 8. HP: 31/73 MP: 5/5
  2561 | D:2      | Found a burning altar of Makhleb.
  2566 | D:2      | Became a worshipper of Makhleb the Destroyer
  2573 | D:2      | Found a shadowy altar of Dithmenos.
  2576 | D:2      | Found an ornate altar of the Wu Jian Council.
  2579 | D:2      | Found a glowing silver altar of Zin.
  2676 | D:2      | Found a sacrificial altar of Ru.
  3162 | D:2      | Noticed Terence
  3194 | D:2      | Killed Terence
  3194 | D:2      | Reached * piety under Makhleb
  3653 | D:5      | Reached skill level 5 in Fighting
  3653 | D:5      | Reached skill level 8 in Axes
  3771 | D:7      | Reached skill level 1 in Invocations
  3924 | D:9      | Found Cuygoah's Magic Scroll Emporium.
  3942 | D:9      | Found Xipof's Magic Scroll Boutique.
  3946 | D:9      | Reached ** piety under Makhleb
  3946 | D:9      | Reached skill level 9 in Axes
  3952 | D:9      | Bought a scroll of magic mapping for 45 gold pieces
  3952 | D:9      | Bought a scroll of identify for 26 gold pieces
  4206 | D:8      | Gained mutation: You passively map the area around you. [Deep Dwarf growth]
  4206 | D:8      | Reached XP level 9. HP: 51/81 MP: 6/6
  4395 | D:8      | Paralysed by a hornet for 1 turns
  4401 | D:8      | Reached skill level 10 in Axes
  4453 | D:8      | Reached skill level 5 in Invocations
  4580 | D:9      | Found a hazy altar of Hepliaklqana.
  4582 | D:9      | Found a glowing golden altar of the Shining One.
  4586 | D:9      | Found a snail-covered altar of Cheibriados.
  4586 | D:9      | Found a shimmering altar of Xom.
  4587 | D:9      | Found a stormy altar of Qazlal.
  4620 | D:10     | Entered Level 10 of the Dungeon
  4724 | D:10     | Learned a level 2 spell: Swiftness
  4970 | D:11     | Reached skill level 11 in Axes
  5019 | D:11     | Noticed a two-headed ogre
  5089 | D:13     | Noticed Kirke
  5090 | D:12     | Paralysed by a hornet for 1 turns
  5096 | D:12     | Paralysed by a hornet for 1 turns
  5153 | D:12     | Reached XP level 10. HP: 60/88 MP: 6/6
  5213 | D:13     | Noticed a centaur warrior
  5255 | D:13     | Killed a centaur warrior
  5255 | D:13     | Reached skill level 12 in Axes
  5263 | D:13     | Noticed a seven-headed hydra
  5303 | D:12     | Noticed a green ugly thing
  5311 | D:13     | Found a viscous altar of Jiyva.
  5311 | D:13     | Found a transporter.
  5311 | D:13     | Noticed a great orb of eyes
  5311 | D:13     | Noticed an eye of devastation
  5315 | D:13     | Demolished by a large slime creature

Vault maps used:
D:1:      minmay_arrival_stone_box
D:2:      grunt_temple_overflow_cloverleaf, first_ration, hangedman_ru_absence,
          uniq_terence
D:3:      okawaru_ov_weapons_minmay
D:4:      grunt_ministairs_15, minmay_strange_pillars
D:5:      temple_green, portal_sewer_entry_e
D:6:      kennysheep_mini_moat, kennysheep_little_box
D:8:      grunt_lair_entry_orc_guard_hut
D:9:      minitemple, serial_shops, shop, shop
D:10:     due_megacathedral, minmay_orc_entry_guard_dogs
D:13:     gammafunk_jiyva_shrine, david_vaults_5, serial_shops,
          nicolae_shop_behind_doors, shop_statue, shop, shop, uniq_kirke,
          uniq_azrael, uniq_maurice
Temple:   nicolae_temple_figure_zero

Skill      XL: |  1  2  3  4  5  6  7  8  9 10 |
---------------+-------------------------------+-----
Fighting       | 1 2 3 4 5 |  5.0
Axes           | 2 3 4 6 7 9 11 12 | 12.3
Evocations     | 2 3 4 |  4.0
Armour         | 2 |  2.2
Invocations    | 4 7 8 |  8.1
Short Blades   | |  0.8
Dodging        | |  2.1
Stealth        | |  3.6
Spellcasting   | |  1.7
Hexes          | |  2.4

Action                   |  1- 3 |  4- 6 |  7- 9 | 10-12 || total
-------------------------+-------+-------+-------+-------++-------
Melee: Dagger            |    38 |       |       |       ||    38
       War axe           |    31 |   218 |   617 |    29 ||   895
Throw: Throwing net      |       |       |     1 |       ||     1
 Cast: Corona            |     6 |       |       |       ||     6
       Ensorcelled Hiber |     2 |       |       |       ||     2
 Abil: Heal Wounds       |     1 |    10 |    25 |     5 ||    41
Evoke: Wand              |       |     4 |    22 |       ||    26
       Fan of gales      |       |       |     1 |       ||     1
  Use: Scroll            |     4 |     7 |     7 |       ||    18
       Potion            |     2 |     2 |     3 |       ||     7
 Stab: Sleeping          |     3 |       |       |       ||     3
       Paralysed         |       |    22 |    28 |       ||    50
       Held in net/web   |       |       |     3 |       ||     3
  Eat: Ration            |       |     1 |     4 |       ||     5
       Chunk             |       |     1 |     7 |       ||     8
Armor: Robe              |     8 |       |       |       ||     8
       Chain mail        |    26 |   171 |   307 |    15 ||   519
       Plate armour      |       |       |   221 |       ||   221
Dodge: Dodged            |    35 |    87 |   247 |     4 ||   373

Table legend:
 A = Spawn XP
 B = Non-spawn XP
 C = Spawn XP percentage of total XP
 D = Spawn monster count
 E = Non-spawn monster count
 F = Spawn count percentage of total count
 G = Total turns spent on level
                    A         B        C        D         E        F      G
               +---------+---------+-------+---------+---------+-------+---------
         Total |       0 |    6537 |   0.0 |       0 |     176 |   0.0 |  5315
               +---------+---------+-------+---------+---------+-------+---------
           D:1 |       0 |      53 |   0.0 |       0 |      21 |   0.0 |   444
           D:2 |       0 |      84 |   0.0 |       0 |      21 |   0.0 |   438
           D:3 |       0 |     145 |   0.0 |       0 |      23 |   0.0 |   555
           D:4 |       0 |     210 |   0.0 |       0 |      15 |   0.0 |   562
           D:5 |       0 |     316 |   0.0 |       0 |      10 |   0.0 |   467
           D:6 |       0 |     779 |   0.0 |       0 |      24 |   0.0 |   720
           D:7 |       0 |     454 |   0.0 |       0 |      15 |   0.0 |   493
           D:8 |       0 |     755 |   0.0 |       0 |      17 |   0.0 |   506
           D:9 |       0 |     748 |   0.0 |       0 |      15 |   0.0 |   402
          D:10 |       0 |     180 |   0.0 |       0 |       4 |   0.0 |   118
          D:11 |       0 |    1276 |   0.0 |       0 |       6 |   0.0 |   191
          D:12 |       0 |     591 |   0.0 |       0 |       4 |   0.0 |   280
          D:13 |       0 |     946 |   0.0 |       0 |       1 |   0.0 |    80
               +---------+---------+-------+---------+---------+-------+---------
